 Dungeon Crawl Stone Soup version 0.29.0-5-ge4962eb29e (webtiles) character file.

Game seed: 11840218169517209337

1883 iguanaiguana the Grappler (level 8, -14/79 HPs)
             Began as a Troll Fighter on Aug 30, 2022.
             Killed by divine providence
             ... invoked by an orc priest
              (15 damage)
             ... on level 8 of the Dungeon.
             The game lasted 00:14:02 (1622 turns).

iguanaiguana the Grappler (Troll Fighter)           Turns: 1622, Time: 00:14:03

Health: -14/79     AC:  7    Str: 27    XL:     8   Next: 92%
Magic:  7/7        EV: 10    Int:  4    God:
Gold:   51         SH:  9    Dex: 15    Spells: 7/7 levels left

rFire   . . .      SeeInvis .     - Unarmed
rCold   + . .      Faith    .   b - +0 kite shield
rNeg    . . .      Spirit   .   p - +2 robe {Archmagi}
rPois   .          Reflect  .   l - +1 hat
rElec   .          Harm     .   (no cloak)
rCorr   .          Rampage  .   (gloves unavailable)
Will    .....      Archmagi +   (boots unavailable)
Stlth   +.........              (no amulet)
HPRegen 1.03/turn               j - +6 ring of dexterity
MPRegen 0.10/turn               y - ring of protection from cold

@: mighty, lethally poisoned (-14 -> -23), on berserk cooldown, slowed, very
slow
A: large, unfitting armour, claws 3, regeneration 1, shaggy fur 1, tough skin 1
a: no special abilities


You were on level 8 of the Dungeon.
You visited 1 branch of the dungeon, and saw 8 of its levels.

You collected 150 gold pieces.
You spent 99 gold pieces at shops.

Inventory:

Missiles
 u - 5 atropa-tipped darts (quivered)
Armour
 b - a +0 kite shield (worn)
 l - a +1 hat (worn)
 p - a +2 robe of the Archmagi (worn)
Jewellery
 j - a +6 ring of dexterity (left claw)
 y - a ring of protection from cold (right claw)
 z - a ring of magical power
Scrolls
 e - a scroll of enchant armour {unknown}
 f - 3 scrolls of fog
 g - 2 scrolls of acquirement {unknown}
 i - 7 scrolls of teleportation {unknown}
 n - 4 scrolls of identify {unknown}
 q - a scroll of silence {unknown}
 s - 2 scrolls of fear {unknown}
 v - 3 scrolls of magic mapping {unknown}
Potions
 a - a potion of mutation {unknown}
 c - a potion of might {@q3}
 d - 4 potions of curing {unknown}
 h - a potion of attraction {unknown}
 k - 2 potions of heal wounds {unknown}
 m - a potion of invisibility {unknown}
 o - 2 potions of berserk rage
 r - 2 potions of degeneration {unknown}
 t - a potion of magic {unknown}
 w - a potion of haste {unknown}
 x - a potion of ambrosia {unknown}
 A - a potion of brilliance {unknown}


   Skills:
 + Level 4.9 Fighting
 - Level 4.0 Dodging
 - Level 6.0 Shields
 - Level 8.0 Unarmed Combat


You had 7 spell levels left.
You didn't know any spells.
Your spell library was empty.

Dungeon Overview and Level Annotations

Branches:
Dungeon (8/15) Zot: 26980  Temple (0/1) D:7            Lair (0/5) D:8

Altars:
Yredelemnul

Shops:
D:1 !


Innate Abilities, Weirdness & Mutations

You are too large for most types of armour.
You have claws for hands.
Your natural rate of healing is unusually fast.
You are covered in fur. (AC +1)
You have tough skin. (AC +1)


Message History

The black bear claws you.
* * * LOW HITPOINT WARNING * * *
You closely miss the water moccasin.
You are too berserk!
You barely miss the water moccasin.
You are no longer berserk.
You are exhausted.
You feel yourself slow down.
A nearby fungus withers and dies.
The water moccasin bites you.
* * * LOW HITPOINT WARNING * * *
You are poisoned.
The water moccasin poisons you!
The orc priest hits the fungus with a +0 club.
The fungus begins to die.
The orc hits the fungus with a +0 mace!
The fungus begins to die.
You barely miss the water moccasin.
You feel very sick.
A nearby fungus withers and dies.
The howler monkey hoots and howls with incredible vigour!
The water moccasin bites you.
* * * LOW HITPOINT WARNING * * *
You are more poisoned.
The water moccasin poisons you! The bullfrog hits you.
* * * LOW HITPOINT WARNING * * *
The orc hits the fungus with a +0 mace!
The black bear bites you.
* * * LOW HITPOINT WARNING * * *
The water moccasin bites you!
* * * LOW HITPOINT WARNING * * *
The howler monkey hits the fungus.
The fungus begins to die.
You hear a shout! x2
As you read the scroll labelled LOTITZ JUIHET, it crumbles to dust.
The scroll dissolves into smoke.
It was a scroll of fog.
* * * LOW HITPOINT WARNING * * *
You feel extremely sick.
A nearby plant withers and dies. x2; The bullfrog hits you.
* * * LOW HITPOINT WARNING * * *
The howler monkey hits the fungus.
The orc completely misses the fungus.
The orc priest calls down the wrath of Beogh upon you.
Beogh smites you!
You die...

..PPPP..P...##
#...P.....PP.#
#...PPPPP....##
#...P...PP.....
...PP.PP....P.#
..PPP..o§P.P..#


.P...PoooPP.P.. .P...oY@Sh..... .PP.PPFSh...?.P .P.PPPoS..PPP.. P...PP..P.....P
.P.PoPP.......P .PoDP.oPP.P.P.. .....P..PPPP... ...P.P.PPPP.... You could see a
yak, 3 water moccasins, a black bear, an acid dragon, a bullfrog, a howler
monkey (catching breath), 2 orc priests and 7 orcs.

Vanquished Creatures
  Sigmund (D:2)
  A wyvern (D:8)
  A water moccasin (D:8)
  A sky beast (D:7)
  4 black bears
  2 ogres
  Blork the orc (D:5)
  2 necrophages (D:5)
  A scorpion (D:4)
  A bullfrog (D:8)
  3 wights (D:6)
  2 bullfrog zombies (D:5)
  2 jellies
  Jessica (D:2)
  3 iguanas (D:5)
  An orc wizard (D:4)
  Robin (D:2)
  4 adders
  An ufetubus (D:5)
  2 worms (D:2)
  10 orcs
  4 bats
  An endoplasm (D:3)
  2 giant cockroaches
  13 goblins
  3 hobgoblins
  3 jackals (D:1)
  8 kobolds
  5 quokkas
  7 ball pythons
  A frilled lizard (D:2)
  3 rats
95 creatures vanquished.

Vanquished Creatures (others)
  16 fungi (D:8)
  12 plants (D:8)
28 creatures vanquished.

Grand Total: 123 creatures vanquished

Notes
Turn   | Place    | Note
-------+----------+-------------------------------------------
     0 | D:1      | iguanaiguana the Troll Fighter began the quest for the Orb.
     0 | D:1      | Reached XP level 1. HP: 22/22 MP: 0/0
    91 | D:1      | Reached XP level 2. HP: 29/29 MP: 1/1
   108 | D:1      | Found Ozynoyl's Distillery.
   142 | D:1      | You fall into a shaft and drop 1 floor!
   205 | D:2      | Reached skill level 3 in Unarmed Combat
   258 | D:3      | Reached XP level 3. HP: 36/36 MP: 2/2
   300 | D:2      | Noticed Jessica
   307 | D:2      | Killed Jessica
   308 | D:2      | Reached skill level 4 in Unarmed Combat
   308 | D:2      | Reached XP level 4. HP: 44/44 MP: 3/3
   446 | D:4      | Noticed a scorpion
   460 | D:4      | Killed a scorpion
   461 | D:4      | Reached skill level 5 in Unarmed Combat
   461 | D:4      | Reached XP level 5. HP: 44/50 MP: 4/4
   468 | D:5      | Entered Level 5 of the Dungeon
   554 | D:5      | Reached skill level 6 in Unarmed Combat
   562 | D:5      | Reached XP level 6. HP: 59/59 MP: 5/5
   646 | D:5      | Reached skill level 7 in Unarmed Combat
   691 | D:5      | Found a basalt altar of Yredelemnul.
   734 | D:6      | Reached skill level 8 in Unarmed Combat
   734 | D:6      | Reached XP level 7. HP: 59/66 MP: 6/6
   783 | D:5      | Noticed Blork the orc
   797 | D:5      | Killed Blork the orc
   932 | D:2      | Noticed Robin
   984 | D:2      | Killed Robin
  1130 | D:1      | Bought a potion of berserk rage for 55 gold pieces
  1130 | D:1      | Bought a potion of might for 44 gold pieces
  1203 | D:2      | Noticed Sigmund
  1226 | D:2      | Killed Sigmund
  1227 | D:2      | Reached skill level 5 in Shields
  1397 | D:6      | Reached XP level 8. HP: 48/74 MP: 7/7
  1480 | D:7      | Found a staircase to the Ecumenical Temple.
  1599 | D:8      | Found a staircase to the Lair.
  1622 | D:8      | HP: 1/79 [bullfrog (3)]
  1622 | D:8      | Killed from afar by an orc priest

Illustrated notes

Levels and vault maps discovered:
D:1:      dpeg_arrival_more_subterranean_lakeside_camping, layout_basic,
          serial_shops, nicolae_shop_behind_doors, basic_ecumenical_altar,
          wander_ebering_terrifying_dragon_lair
D:2:      layout_basic, uniq_jessica, uniq_sigmund, uniq_robin
D:3:      layout_loops_ring, nzn_overflow_gifts_of_might_and_magic,
          nicolae_wu_jian_immortal_techniques, minmay_misc_feat_enclosed
D:4:      layout_loops_corners, uniq_grinder
D:5:      layout_cave_pools, lemuel_zombie_altar_yredelemnul, uniq_blork_the_orc
D:6:      layout_rooms
D:7:      layout_basic, minmay_temple_entry_glass
D:8:      layout_basic, minitemple, due_lair_maze_entry_diamond, serial_undead,
          serial_undead_a, serial_undead_c, serial_undead_c, serial_undead_e,
          uniq_prince_ribbit1

Skill      XL: |  1  2  3  4  5  6  7  8 |
---------------+-------------------------+-----
Unarmed Combat | 3 4 5 6 8 |  8.0
Shields        | 5 6 |  6.0
Dodging        | 4 |  4.0
Fighting       | 4 |  4.9

Action                   |  1- 3 |  4- 6 |  7- 9 || total
-------------------------+-------+-------+-------++-------
Melee: Unarmed           |    49 |    67 |   146 ||   262
Throw: Dart              |       |       |     2 ||     2
  Use: Potion            |       |       |     2 ||     2
       Scroll            |       |       |     1 ||     1
Armor: Robe              |    26 |    13 |    77 ||   116
Dodge: Dodged            |    22 |    16 |    86 ||   124
Block: Kite shield       |    16 |    15 |    91 ||   122
